 Dungeon Sprint DCSS version 0.27.1-33-g824d729ab1 (webtiles) character file.

Game seed: 8823658658084654070

13920 Hipnos the Ninja (level 11, 0/53 HPs)
             Began as a Spriggan Enchanter on Nov 29, 2021.
             Was the Champion of Okawaru.
             Slain by a fire giant (33 damage)
             ... in the Dungeon (Sprint I: "Red Sonja").
             The game lasted 00:14:20 (3925 turns).

Hipnos the Ninja (Spriggan Enchanter)               Turns: 3925, Time: 00:14:21

Health: 0/53       AC:  3    Str:  4    XL:     11   Next: 81%
Magic:  18/27      EV: 26    Int: 16    God:    Okawaru [******]
Gold:   473        SH:  0    Dex: 22    Spells: 20/32 levels left

rFire    + + +     SeeInvis +   j - +0 short sword (venom)
rCold    x . .     Faith    .   (shield restricted)
rNeg     . . .     Spirit   .   b - +0 robe
rPois    .         Reflect  .   (helmet restricted)
rElec    .         Harm     .   t - +0 cloak of Ytaawki {rF+ rC- Dex+2 SInv}
rCorr    .         Rampage  .   (gloves unavailable)
Will     +....     NoTele   +   (boots unavailable)
Stlth    ++++++++++             (no amulet)
HPRegen  0.17/turn              p - ring of protection from fire
MPRegen  0.20/turn              s - ring of protection from fire

@: finesse-ful, very quick
A: very small, no large weapons, unfitting armour, see invisible, speed 3
a: Renounce Religion, Heroism, Finesse


You were in the Dungeon.
You worshipped Okawaru.
Okawaru was exalted by your worship.
You visited 1 branch You collected 1668 gold pieces.
You spent 1195 gold pieces at shops.

Inventory:

Hand Weapons
 a - a +1 dagger
 j - a +0 short sword of venom (weapon)
 m - a +5 hunting sling of flaming
Armour
 b - a +0 robe (worn)
 i - a +1 cloak of stealth
 o - a scarf of invisibility
 t - the +0 cloak of Ytaawki (worn) {rF+ rC- Dex+2 SInv}
   (You bought it in a shop in the Dungeon)

   Dex:       It affects your dexterity (+2).
   rF:        It protects you from fire.
   rC:        It makes you vulnerable to cold.
   SInv:      It lets you see invisible.
Jewellery
 p - a ring of protection from fire (left hand)
 s - a ring of protection from fire (right hand)
Wands
 g - a wand of flame (22)
 l - a wand of mindburst (11)
Scrolls
 d - a scroll of fog {unknown}
 h - a scroll of blinking
 k - a scroll of identify {unknown}
Potions
 c - 5 potions of curing
 e - a potion of haste
 f - 2 potions of magic
 n - a potion of invisibility {unknown}
 q - 2 potions of flight
 r - a potion of heal wounds


   Skills:
 + Level 3.8 Fighting
 * Level 13.6 Short Blades
 + Level 10.0 Dodging
 O Level 27 Stealth
 + Level 11.4 Spellcasting
 + Level 2.0 Conjurations
 + Level 14.7 Hexes
 + Level 3.1 Ice Magic
 + Level 0.9 Invocations


You had 20 spell levels left.
You knew the following spells:

 Your Spells              Type           Power      Damage    Failure   Level
a - Corona                Hex            60%        N/A       1%          1
b - Ensorcelled Hibernat  Hex/Ice        74%        N/A       1%          2
c - Confusing Touch       Hex            54%        N/A       1%          3
d - Tukima's Dance        Hex            54%        N/A       1%          3
e - Dazzling Flash        Conj/Hex       70%        N/A       1%          3

Your spell library contained the following spells:

 Spells                   Type           Power      Damage    Failure   Level


Dungeon Overview and Level Annotations

Branches:
Dungeon (1/1)

Altars:
Cheibriados
Dithmenos
Elyvilon
Fedhas
Gozag
Hepliaklqana
Kikubaaqudgha
Makhleb
Nemelex Xobeh
Okawaru
Qazlal
Ru
Sif Muna
Trog
Uskayaw
Vehumet
Wu Jian
Xom
Yredelemnul
Zin
The Shining One
Jiyva
Lugonu

Shops:
D ([==[[=(([=(:[![?


Innate Abilities, Weirdness & Mutations

You are very small and have problems with some larger weapons.
You are too small for most types of armour.
You have supernaturally acute eyesight. (SInv)
You cover ground extremely quickly. (Speed+++)


Message History

Your base Dodging skill increases to level 10!
Your Spellcasting skill increases to level 11!
Your Ice Magic skill increases to level 3!
You can now deal lightning-fast blows.
You hit the fire giant but do no damage.
The fire giant completely misses you.
You puncture the fire giant!
The fire giant is lightly wounded.
You hit the fire giant.
The fire giant is poisoned.
The fire giant is lightly wounded.
You completely miss the fire giant.
The fire giant is lightly wounded.
You feel like a meek peon again.
You hit the fire giant.
The fire giant looks as sick as possible!
The fire giant is lightly wounded.
The fire giant closely misses you.
You hit the fire giant.
The fire giant is lightly wounded.
The fire giant casts a spell at you. The bolt of fire hits you! You resist.
You hit the fire giant.
The fire giant looks as sick as possible!
The fire giant is moderately wounded.
You hit the fire giant but do no damage.
The fire giant looks as sick as possible!
The fire giant is moderately wounded.
You hit the fire giant but do no damage.
The fire giant is poisoned.
The fire giant hits you with a +1 great sword of flaming!
You barely miss the fire giant. The fire giant closely misses you.
You hit the fire giant.
The fire giant looks as sick as possible!
The fire giant is lightly wounded.
Casting: Confusing Touch (safe; 1% risk of failure)
Confirm with . or Enter, or press ? or * to list all spells.
The fire giant is dazzled. x2
The fire giant hits you with a +1 great sword of flaming!!
Ouch! That really hurt!
You die...

'.....'.∩##.#..# ##...#
###########.# ###.#
##.....§§##§# #.#
.#....§†.§§§# #.#
.#'''######.# ####'#
.#†.......#§#### ###....#
##.......#+§#(($#####...####
[.......≈####[....)...###
.......≈≈##)[$.C@.#####
.....≈≈≈###((..C.##
..≈≈≈≈### #(....##
######+####$$$$$
#######∩∩#######
∩∩∩∩∩∩∩∩###≈≈≈≈≈ #########
###### #..0..


You could see 2 fire giants.

Vanquished Creatures
  2 fire giants (D)
  A hydra (D)
  2 centaur warriors (D)
  Sonja (D)
  A deep troll (D)
  A lindwurm (D)
  An oklob plant (D)
  7 unseen horrors (D)
  2 kobold demonologists (D)
  4 demonic crawlers (D)
  A hornet (D)
  A slime creature (D)
  Sigmund (D)
  2 redbacks (D)
  A yak (D)
  13 hogs (D)
  3 floating eyes (D)
  7 necrophages (D)
  An ogre (D)
  8 jellies (D)
  Ijyb (D)
  A ballistomycete spore (D)
62 creatures vanquished.

Vanquished Creatures (others)
  A gargoyle (D)
  A ballistomycete spore (D)
2 creatures vanquished.

Grand Total: 64 creatures vanquished

Notes
Turn   | Place    | Note
-------+----------+-------------------------------------------
     0 | D        | Hipnos the Spriggan Enchanter began the quest for the Orb.
     0 | D        | Reached XP level 1. HP: 9/9 MP: 5/5
     1 | D        | Noticed Ijyb
    11 | D        | Killed Ijyb
    12 | D        | Reached skill level 7 in Stealth
    12 | D        | Reached skill level 5 in Hexes
    12 | D        | Reached XP level 2. HP: 9/13 MP: 7/7
   270 | D        | Learned a level 2 spell: Ensorcelled Hibernation
   270 | D        | Noticed an ogre
   273 | D        | Killed an ogre
   274 | D        | Reached skill level 10 in Stealth
   274 | D        | Reached XP level 3. HP: 16/16 MP: 7/9
   274 | D        | Reached XP level 4. HP: 21/21 MP: 8/11
   392 | D        | Noticed Sigmund
   395 | D        | Killed Sigmund
   396 | D        | Reached skill level 5 in Short Blades
   396 | D        | Reached skill level 5 in Dodging
   396 | D        | Reached skill level 13 in Stealth
   396 | D        | Reached XP level 5. HP: 24/24 MP: 13/13
   396 | D        | Reached XP level 6. HP: 28/28 MP: 14/14
   507 | D        | Found an ornate altar of the Wu Jian Council.
   507 | D        | Found a shimmering blue altar of Sif Muna.
   509 | D        | Found a radiant altar of Vehumet.
   514 | D        | Reached skill level 5 in Spellcasting
   516 | D        | Found Exiovoy's Antique Armour Emporium.
   516 | D        | Found an ancient bone altar of Kikubaaqudgha.
   516 | D        | Found a hazy altar of Hepliaklqana.
   516 | D        | Found a stormy altar of Qazlal.
   516 | D        | Found a hide-covered altar of Uskayaw.
   516 | D        | Found a blossoming altar of Fedhas.
   516 | D        | Found a bloodstained altar of Trog.
   516 | D        | Found an iron altar of Okawaru.
   516 | D        | Found a basalt altar of Yredelemnul.
   516 | D        | Found a glowing golden altar of the Shining One.
   516 | D        | Found a snail-covered altar of Cheibriados.
   516 | D        | Found a sacrificial altar of Ru.
   516 | D        | Found a glowing silver altar of Zin.
   516 | D        | Found a shadowy altar of Dithmenos.
   516 | D        | Found a white marble altar of Elyvilon.
   516 | D        | Noticed a yak
   517 | D        | Found an opulent altar of Gozag.
   518 | D        | Killed a yak
   519 | D        | Reached skill level 15 in Stealth
   519 | D        | Found a sparkling altar of Nemelex Xobeh.
   524 | D        | Became a worshipper of Warmaster Okawaru
   551 | D        | Bought an embroidered cloak for 180 gold pieces
   574 | D        | Found a burning altar of Makhleb.
   574 | D        | Found a viscous altar of Jiyva.
   574 | D        | Found a shimmering altar of Xom.
   574 | D        | Found a corrupted altar of Lugonu.
   574 | D        | Noticed a slime creature
   577 | D        | Killed a slime creature
   578 | D        | Reached skill level 16 in Stealth
   578 | D        | Reached XP level 7. HP: 32/32 MP: 16/16
   589 | D        | Noticed a kobold demonologist
   590 | D        | Noticed a kobold demonologist
   592 | D        | Reached * piety under Okawaru
   593 | D        | Reached skill level 10 in Hexes
   594 | D        | Killed a kobold demonologist
   594 | D        | Reached ** piety under Okawaru
   595 | D        | Reached skill level 17 in Stealth
   600 | D        | Killed a kobold demonologist
   601 | D        | Reached skill level 18 in Stealth
   601 | D        | Reached XP level 8. HP: 33/37 MP: 6/18
   675 | D        | Noticed a demonic crawler
   675 | D        | Noticed a demonic crawler
   675 | D        | Noticed a demonic crawler
   675 | D        | Noticed a demonic crawler
   677 | D        | Killed a demonic crawler
   678 | D        | Reached skill level 1 in Fighting
   678 | D        | Reached skill level 19 in Stealth
   695 | D        | Noticed Sonja
   699 | D        | Killed Sonja
   699 | D        | Reached *** piety under Okawaru
   700 | D        | Reached skill level 20 in Stealth
   700 | D        | Reached skill level 1 in Ice Magic
   700 | D        | Reached XP level 9. HP: 41/41 MP: 18/20
   837 | D        | Found Ogiluir's Antique Weapon Boutique.
   857 | D        | Noticed a deep troll
   861 | D        | Killed a deep troll
   861 | D        | Reached **** piety under Okawaru
   862 | D        | Reached skill level 21 in Stealth
   871 | D        | Found Nolligga's Armour Emporium.
   917 | D        | Learned a level 3 spell: Confusing Touch
   921 | D        | Learned a level 3 spell: Tukima's Dance
   925 | D        | Learned a level 3 spell: Dazzling Flash
   936 | D        | Killed a demonic crawler
   937 | D        | Reached skill level 22 in Stealth
  1144 | D        | Killed a demonic crawler
  2035 | D        | Noticed a lindwurm
  2039 | D        | Killed a lindwurm
  2061 | D        | Reached ***** piety under Okawaru
  2062 | D        | Reached skill level 23 in Stealth
  2064 | D        | Reached XP level 10. HP: 46/46 MP: 16/23
  2090 | D        | Reached skill level 10 in Short Blades
  2091 | D        | Reached skill level 1 in Conjurations
  2234 | D        | Reached skill level 24 in Stealth
  2351 | D        | Noticed a 12-headed hydra
  2353 | D        | Killed a 12-headed hydra
  2353 | D        | Reached ****** piety under Okawaru
  2357 | D        | Received a gift from Okawaru
  2375 | D        | Noticed a daeva
  2386 | D        | Reached skill level 25 in Stealth
  3063 | D        | Noticed a centaur warrior
  3063 | D        | Noticed a centaur warrior
  3066 | D        | Killed a centaur warrior
  3067 | D        | Reached skill level 26 in Stealth
  3067 | D        | Reached XP level 11. HP: 52/52 MP: 23/25
  3073 | D        | Killed a centaur warrior
  3188 | D        | Noticed an oklob plant
  3353 | D        | Killed an oklob plant
  3495 | D        | Received a gift from Okawaru
  3496 | D        | Reached skill level 27 in Stealth
  3556 | D        | Reached skill level 10 in Spellcasting
  3620 | D        | Identified the +1 pair of gloves "Ihagri" {+Blink Slay+5}
  3651 | D        | Found Jaefroj's Jewellery Shoppe.
  3651 | D        | Found Uteyri's Jewellery Shop.
  3651 | D        | Found Nuwny's Armour Boutique.
  3653 | D        | Found Iffuonurph's Antique Armour Emporium.
  3653 | D        | Found Ceikaije's Jewellery Shop.
  3653 | D        | Found Tahatwidu's Antique Weapon Shoppe.
  3653 | D        | Found Ugijel Zita's Antique Weapon Boutique.
  3653 | D        | Found Xethruj's Armour Emporium.
  3653 | D        | Found Badoik's Jewellery Shop.
  3653 | D        | Found Edauzeaf's Weapon Shoppe.
  3658 | D        | Found Wavvecos's Book Boutique.
  3659 | D        | Found Uthrat's Distillery.
  3659 | D        | Found Doemug's Armour Boutique.
  3660 | D        | Found Reatuq's Magic Scroll Emporium.
  3683 | D        | Bought a ring of protection from fire for 350 gold pieces
  3691 | D        | Bought 2 potions of flight for 72 gold pieces
  3691 | D        | Bought a potion of heal wounds for 60 gold pieces
  3706 | D        | Bought a ring of protection from fire for 275 gold pieces
  3708 | D        | Bought the +0 cloak of Ytaawki {rF+ rC- Dex+2 SInv} for 258
                  | gold pieces
  3901 | D        | Noticed a fire giant
  3904 | D        | Noticed a fire giant
  3905 | D        | Noticed a fire giant
  3906 | D        | Noticed a fire giant
  3908 | D        | Killed a fire giant
  3912 | D        | Killed a fire giant
  3913 | D        | Reached skill level 10 in Dodging
  3925 | D        | Slain by a fire giant

Illustrated notes

Levels and vault maps discovered:
D:        dungeon_sprint_1 [red_sonja_temple_1, red_sonja_temple_small_1]

Skill      XL: |  1  2  3  4  5  6  7  8  9 10 11 |
---------------+----------------------------------+-----
Short Blades   | 2 3 5 6 7 8 9 11 13 | 13.6
Dodging        | 3 4 5 6 7 8 9 10 | 10.0
Stealth        | 7 10 13 16 18 20 23 26 27 | 27.0
Spellcasting   | 3 4 5 6 7 8 9 11 | 11.4
Hexes          | 5 6 8 9 10 11 12 14 | 14.7
Fighting       | 1 2 3 |  3.8
Ice Magic      | 1 2 3 |  3.1
Conjurations   | 1 2 |  2.0
Invocations    | |  0.9

Action                   |  1- 3 |  4- 6 |  7- 9 | 10-12 || total
-------------------------+-------+-------+-------+-------++-------
Melee: Dagger            |     8 |     4 |     5 |       ||    17
       Short sword       |       |       |    61 |   134 ||   195
 Cast: Ensorcelled Hiber |       |       |     6 |     5 ||    11
       Dazzling Flash    |       |       |     9 |    15 ||    24
       Confusing Touch   |       |       |     7 |    12 ||    19
Invok: Heroism           |       |       |       |     1 ||     1
       Finesse           |       |       |       |     1 ||     1
  Use: Potion            |     1 |       |     1 |     1 ||     3
 Stab: Sleeping          |     2 |     4 |     8 |    21 ||    35
       Invisible         |       |       |    12 |    15 ||    27
       Distracted        |       |       |     2 |     1 ||     3
       Confused          |       |       |     1 |    10 ||    11
Armor: Robe              |       |       |    11 |     7 ||    18
Dodge: Dodged            |     3 |       |    97 |    95 ||   195
